 Dungeon Crawl Stone Soup version 0.29.0-4-gdea44cf6ec (webtiles) character file.

Game seed: 7617751291191272731

13317 qw the Brawler (level 11, -4/119 HPs)
             Began as a Troll Cinder Acolyte on Sept 3, 2022.
             Was an Initiate of Okawaru.
             Slain by a swamp worm (17 damage)
             ... on level 3 of the Lair of Beasts.
             The game lasted 00:05:37 (10120 turns).

qw the Brawler (Troll Cinder Acolyte)              Turns: 10120, Time: 00:05:38

Health: -4/119     AC:  8    Str: 28    XL:     11   Next: 74%
Magic:  11/11      EV:  9    Int: 10    God:    Okawaru [......]
Gold:   787        SH:  0    Dex:  5    Spells: 12/12 levels left

rFire   . . .      SeeInvis .     - Unarmed
rCold   . . .      Faith    .   (no shield)
rNeg    + . .      Spirit   .   s - +1 robe {Archmagi}
rPois   .          Reflect  .   e - +2 hat {Will+}
rElec   +          Harm     .   k - +0 cloak
rCorr   .          Rampage  .   (gloves unavailable)
Will    +....      Archmagi +   (boots unavailable)
Stlth   +.........              h - amulet of regeneration
HPRegen 1.89/turn               d - ring of positive energy
MPRegen 0.12/turn               n - +4 ring of slaying {mikee}

@: about to teleport, fire susceptible
A: large, unfitting armour, claws 3, regeneration 1, shaggy fur 1, tough skin 1,
robust 1, screaming 1, electricity resistance
a: Renounce Religion


You were on level 3 of the Lair of Beasts.
You worshipped Okawaru.
Okawaru was noncommittal.
You visited 3 branches of the dungeon, and saw 13 of its levels.
You also visited: Ossuary.

You collected 787 gold pieces.


Innate Abilities, Weirdness & Mutations

You are too large for most types of armour.
You have claws for hands.
Your natural rate of healing is unusually fast.
You are covered in fur. (AC +1)
You have tough skin. (AC +1)
You are robust. (+10% HP)
You occasionally shout uncontrollably at your foes.
You are resistant to electric shocks. (rElec)


   Skills:
 - Level 7.0 Fighting
 - Level 5.4 Throwing
 - Level 1.3 Armour
 + Level 1.4 Dodging
 - Level 16.0 Unarmed Combat
 - Level 1.0 Spellcasting
 - Level 2.1 Fire Magic


You had 12 spell levels left.
You didn't know any spells.
Your spell library contained the following spells:

 Spells                   Type           Power      Damage    Failure   Level
 Scorch                   Fire           14%        2d6       22%         2

Inventory:

Armour
 e - a +2 hat of willpower (worn)
 k - a +0 cloak (worn)
 s - a +1 robe of the Archmagi (worn)
Jewellery
 d - a ring of positive energy (left claw)
 h - an amulet of regeneration (around neck)
 n - a +4 ring of slaying (right claw) {mikee}
Scrolls
 c - a scroll of magic mapping {unknown}
 i - 3 scrolls of identify
 j - 2 scrolls of teleportation
 m - 5 scrolls of enchant weapon
Potions
 a - 2 potions of haste {unknown}
 b - a potion of heal wounds
 f - 3 potions of curing
 g - 3 potions of mutation
 l - 3 potions of might
 p - a potion of resistance

Dungeon Overview and Level Annotations

Branches:
Dungeon (9/15)             Temple (1/1) D:5            Lair (3/5) D:9
  Swamp (0/4) Lair:3        Snake (0/4) Lair:2      Ossuary (visited)
    Orc: D:9-12

Altars:
Ashenzari
Cheibriados
Hepliaklqana
Makhleb
Nemelex Xobeh
Okawaru
Trog
Vehumet
Wu Jian
Xom
Zin
The Shining One
Lugonu

Shops:
D:5 *

Portals:
Abyss: Lair:2

Annotations:
D:2 1 runed translucent door, Crazy Yiuf
D:3 1 runed translucent door, Cueveh's ghost, amateur TrCA
D:5 5 runed translucent doors


Message History

You completely miss the tyrant leech.
The tyrant leech is almost dead.
The swamp worm bites you.
10111 ||| Stepping ~*~*~tactically~*~*~ (outnumbered).
You mangle the tyrant leech!!
You kill the tyrant leech!
Okawaru accepts your kill. The swamp worm closely misses you.
Your Fighting skill increases to level 7!
You claw the tyrant leech!
The tyrant leech is lightly wounded.
You barely miss the tyrant leech. Your claw misses the tyrant leech.
The tyrant leech is lightly wounded.
The swamp worm barely misses you. The tyrant leech bites you!!
The tyrant leech draws strength from your injuries!
You barely miss the tyrant leech.
The tyrant leech is lightly wounded.
You mangle the tyrant leech!!
The tyrant leech is heavily wounded.
The tyrant leech bites you!!
The tyrant leech draws strength from your injuries!
The swamp worm bites you.
You closely miss the tyrant leech.
The tyrant leech is moderately wounded.
The swamp worm bites you! x2; The tyrant leech bites you!!
The tyrant leech draws strength from your injuries!
10118 ||| READING 3 scrolls of teleportation.
As you read the scroll of teleportation, it crumbles to dust.
You feel strangely unstable. The swamp worm bites you.
The swamp worm bites you!
10119 ||| DRINKING 3 potions of heal wounds.
You feel much better. The swamp worm bites you!
The tyrant leech barely misses you. The swamp worm closely misses you.
The swamp worm bites you!
10120 ||| DRINKING 2 potions of heal wounds.
You feel much better. The swamp worm bites you. The tyrant leech bites you!
The tyrant leech draws strength from your injuries!
The swamp worm bites you!
You die...

##.P# #.#....P...P..
#.## ###...........
#.# #............
##.## ##....#......
#P.P# 7........... #
##%.# 777777......
..##.#.%### ### ¤77
7......
.[.....<#.###.###7¤¤¤¤
7......
.............@w..¤¤¤¤~
7......
.............ww..7¤¤¤
7......
........##.####..7
7.##..P .......#####
### .. ... .......
.../... .......
####.##


You could see a tyrant leech and 2 swamp worms.

Vanquished Creatures
  Gastronok (D:8)
  A hydra (Lair:1)
  Maurice (D:8)
  A black mamba (Lair:1)
  3 cane toads
  2 komodo dragons
  Prince Ribbit (D:8)
  2 hornets
  A tyrant leech (Lair:3)
  4 blink frogs (Lair:2)
  A vampire (D:9)
  4 wyverns
  6 yaks (D:8)
  3 basilisks
  3 nagas (Lair:2)
  2 swamp worms (Lair:3)
  5 water moccasins
  3 orc warriors
  2 ice beasts
  A sky beast (D:7)
  3 ogres
  3 wolves (Lair:1)
  2 black bears
  6 centaurs
  A phantom (D:5)
  6 bullfrogs
  2 necrophages
  5 scorpions
  18 wights
  6 killer bees (D:9)
  A howler monkey (D:7)
  8 centaur zombies (Ossuary)
  A jelly (D:6)
  A gnoll bouda (D:5)
  3 orc priests
  5 hounds
  6 iguanas
  11 orc wizards
  6 mummies (Ossuary)
  12 gnolls
  10 adders
  2 white imps
  An ufetubus (D:6)
  3 worms
  3 dart slugs
  28 orcs
  8 ball pythons
  9 endoplasms
  A giant cockroach (D:3)
  9 goblins
  8 hobgoblins
  13 jackals
  6 quokkas
  4 bats
  A frilled lizard (D:1)
  A goblin zombie (D:5)
  2 hobgoblin zombies (Ossuary)
  3 kobolds
  5 rats
  A rat zombie (D:5)
  A lurking horror (Lair:2)
272 creatures vanquished.

Vanquished Creatures (others)
  A bush (D:5)
  A lurking horror (Lair:2)
  3 plants (Lair:2)
5 creatures vanquished.

Grand Total: 277 creatures vanquished

Notes
Turn   | Place    | Note
-------+----------+-------------------------------------------
     0 | D:1      | qw the Troll Cinder Acolyte began the quest for the Orb.
     0 | D:1      | Reached XP level 1. HP: 22/22 MP: 1/1
     0 | D:1      | 0 ||| qw: Version: 0.1-a-102-g441f92d
     0 | D:1      | 0 ||| qw: Game counter: 5062
     0 | D:1      | 0 ||| qw: Always use a shield: true
     0 | D:1      | 0 ||| qw: God list: Okawaru
     0 | D:1      | 0 ||| qw: Allow faded altars: false
     0 | D:1      | 0 ||| qw: Do Orc after D:15 true
     0 | D:1      | 0 ||| qw: Do second Lair branch before Depths: true
     0 | D:1      | 0 ||| qw: Lair rune preference: random
     0 | D:1      | 0 ||| qw: Plans: Normal
     0 | D:1      | 0 ||| PLANNING D:1-11
    18 | D:1      | 18 ||| INVOKING Fiery Armour.
    20 | D:1      | Reached XP level 2. HP: 14/29 MP: 2/2
   127 | D:1      | 127 ||| Stepping ~*~*~tactically~*~*~ (stealth).
   133 | D:1      | Reached skill level 4 in Unarmed Combat
   277 | D:1      | Reached XP level 3. HP: 36/36 MP: 3/3
   536 | D:1      | 536 ||| Stepping ~*~*~tactically~*~*~ (stealth).
   537 | D:1      | 537 ||| Stepping ~*~*~tactically~*~*~ (stealth).
   663 | D:1      | 663 ||| DROPPING ring of magical power.
   664 | D:1      | 664 ||| UPGRADING to ring of positive energy.
   665 | D:1      | 665 ||| READING scroll labelled AFREBLE ILIL.
   666 | D:1      | 666 ||| READING scroll labelled UBYIME FIPSEO.
   667 | D:1      | 667 ||| READING scroll labelled FUOJIKHLAOV.
   668 | D:1      | 668 ||| READING scroll labelled SIODDU SUGROG.
   669 | D:1      | 669 ||| DRINKING 2 glowing dark potions.
   670 | D:1      | 670 ||| DROPPING potion of attraction.
   681 | D:2      | 681 ||| INVOKING Fiery Armour.
   682 | D:2      | 682 ||| STAIRDANCE
   689 | D:2      | 689 ||| Stepping ~*~*~tactically~*~*~ (outnumbered).
   691 | D:2      | Reached skill level 5 in Unarmed Combat
   691 | D:2      | Reached XP level 4. HP: 44/44 MP: 4/4
   716 | D:2      | Found a faded altar of an unknown god.
   889 | D:2      | Found a snail-covered altar of Cheibriados.
   947 | D:2      | 947 ||| Stepping ~*~*~tactically~*~*~ (hiding).
  1000 | D:2      | 1000 ||| Stepping ~*~*~tactically~*~*~ (stealth).
  1040 | D:2      | Found a runed translucent door.
  1041 | D:2      | Noticed Crazy Yiuf
  1286 | D:2      | 1286 ||| UPGRADING to amulet of regeneration.
  1291 | D:2      | 1291 ||| READING scroll labelled SUULLENIRCH.
  1292 | D:2      | 1292 ||| READING 2 scrolls labelled FIPHYQ YNACZOP.
  1293 | D:2      | 1293 ||| READING scroll labelled WIXTYMEONTU.
  1333 | D:2      | 1333 ||| READING scroll labelled JUBI DIFOTH.
  1334 | D:2      | 1334 ||| DRINKING 2 viscous inky potions.
  1370 | D:2      | 1370 ||| DRINKING 2 bubbling brown potions.
  1370 | D:2      | Gained mutation: You occasionally shout uncontrollably at
                  | your foes. [potion of mutation]
  1370 | D:2      | Gained mutation: You are resistant to electric shocks.
                  | (rElec) [potion of mutation]
  1370 | D:2      | Gained mutation: You are robust. (+10% HP) [potion of
                  | mutation]
  1373 | D:2      | 1373 ||| DROPPING potion of lignification.
  1374 | D:2      | 1374 ||| DROPPING scroll of fog.
  1410 | D:3      | Noticed Cueveh's ghost (amateur TrCA)
  1415 | D:3      | Found a runed translucent door.
  1481 | D:3      | Reached XP level 5. HP: 39/55 MP: 5/5
  1616 | D:3      | 1616 ||| Stepping ~*~*~tactically~*~*~ (stealth).
  1618 | D:3      | 1618 ||| Stepping ~*~*~tactically~*~*~ (stealth).
  1620 | D:3      | 1620 ||| Stepping ~*~*~tactically~*~*~ (stealth).
  1626 | D:3      | Reached skill level 6 in Unarmed Combat
  1740 | D:3      | Found an ornate altar of the Wu Jian Council.
  1743 | D:3      | Found a radiant altar of Vehumet.
  1748 | D:3      | Found a glowing silver altar of Zin.
  1751 | D:3      | Found a bloodstained altar of Trog.
  1771 | D:3      | 1771 ||| Stepping ~*~*~tactically~*~*~ (stealth).
  1776 | D:3      | 1776 ||| Stepping ~*~*~tactically~*~*~ (outnumbered).
  1996 | D:3      | 1996 ||| Stepping ~*~*~tactically~*~*~ (stealth).
  1999 | D:3      | 1999 ||| Stepping ~*~*~tactically~*~*~ (stealth).
  2207 | D:3      | 2207 ||| DROPPING amulet of magic regeneration.
  2208 | D:3      | 2208 ||| DRINKING 2 blue potions.
  2209 | D:3      | 2209 ||| DRINKING 3 fuming orange potions.
  2266 | D:4      | Reached XP level 6. HP: 62/64 MP: 6/6
  2429 | D:4      | 2429 ||| Stepping ~*~*~tactically~*~*~ (stealth).
  2476 | D:4      | 2476 ||| INVOKING Fiery Armour.
  2481 | D:4      | Reached skill level 7 in Unarmed Combat
  2610 | D:4      | 2610 ||| INVOKING Fiery Armour.
  2632 | D:4      | 2632 ||| DRINKING 2 potions of curing.
  2632 | D:4      | 2632 ||| (to cure confusion)
  2643 | D:4      | 2643 ||| Stepping ~*~*~tactically~*~*~ (outnumbered).
  2644 | D:4      | 2644 ||| Stepping ~*~*~tactically~*~*~ (outnumbered).
  2684 | D:4      | Reached skill level 8 in Unarmed Combat
  2949 | D:4      | 2949 ||| DRINKING 2 grey potions.
  2955 | D:5      | Entered Level 5 of the Dungeon
  2956 | D:5      | 2956 ||| PLANNING OSSUARY
  2971 | D:5      | 2971 ||| Stepping ~*~*~tactically~*~*~ (stealth).
  2977 | D:5      | Reached XP level 7. HP: 72/72 MP: 7/7
  2978 | D:5      | 2978 ||| Stepping ~*~*~tactically~*~*~ (stealth).
  2983 | D:5      | 2983 ||| INVOKING Fiery Armour.
  2986 | D:5      | Reached skill level 3 in Fighting
  3056 | D:5      | Found the +9 staff of Olgreb {rPois∞}
  3071 | D:5      | Found a runed translucent door.
  3094 | D:5      | Found a runed translucent door.
  3102 | D:5      | Found a runed translucent gate.
  3102 | D:5      | Found a runed translucent gate.
  3102 | D:5      | Noticed a redback
  3118 | D:5      | 3118 ||| Stepping ~*~*~tactically~*~*~ (outnumbered).
  3128 | D:5      | 3128 ||| INVOKING Fiery Armour.
  3163 | D:5      | 3163 ||| FLEEEEING.
  3173 | D:5      | 3173 ||| FLEEEEING.
  3193 | D:5      | 3193 ||| FLEEEEING.
  3194 | D:5      | 3194 ||| FLEEEEING.
  3195 | D:5      | 3195 ||| FLEEEEING.
  3226 | D:5      | Found a runed translucent gate.
  3239 | D:5      | 3239 ||| Stepping ~*~*~tactically~*~*~ (stealth).
  3252 | D:5      | 3252 ||| Stepping ~*~*~tactically~*~*~ (outnumbered).
  3253 | D:5      | 3253 ||| Stepping ~*~*~tactically~*~*~ (outnumbered).
  3291 | D:5      | Found a staircase to the Ecumenical Temple.
  3337 | D:5      | 3337 ||| Stepping ~*~*~tactically~*~*~ (hiding).
  3338 | D:5      | 3338 ||| Stepping ~*~*~tactically~*~*~ (hiding).
  3347 | D:5      | 3347 ||| INVOKING Fiery Armour.
  3348 | D:5      | Reached skill level 9 in Unarmed Combat
  3394 | D:5      | Found a sand-covered staircase.
  3407 | Ossuary  | Entered an ossuary
  3414 | Ossuary  | 3414 ||| Stepping ~*~*~tactically~*~*~ (outnumbered).
  3416 | Ossuary  | 3416 ||| Stepping ~*~*~tactically~*~*~ (outnumbered).
  3417 | Ossuary  | 3417 ||| Stepping ~*~*~tactically~*~*~ (outnumbered).
  3419 | Ossuary  | 3419 ||| Stepping ~*~*~tactically~*~*~ (outnumbered).
  3423 | Ossuary  | Reached skill level 1 in Dodging
  3423 | Ossuary  | Reached XP level 8. HP: 82/82 MP: 8/8
  3429 | Ossuary  | 3429 ||| Stepping ~*~*~tactically~*~*~ (outnumbered).
  3431 | Ossuary  | 3431 ||| Stepping ~*~*~tactically~*~*~ (outnumbered).
  3433 | Ossuary  | 3433 ||| Stepping ~*~*~tactically~*~*~ (outnumbered).
  3435 | Ossuary  | 3435 ||| Stepping ~*~*~tactically~*~*~ (outnumbered).
  3461 | Ossuary  | 3461 ||| Stepping ~*~*~tactically~*~*~ (outnumbered).
  3463 | Ossuary  | 3463 ||| Stepping ~*~*~tactically~*~*~ (outnumbered).
  3464 | Ossuary  | 3464 ||| Stepping ~*~*~tactically~*~*~ (outnumbered).
  3466 | Ossuary  | 3466 ||| Stepping ~*~*~tactically~*~*~ (outnumbered).
  3468 | Ossuary  | 3468 ||| Stepping ~*~*~tactically~*~*~ (outnumbered).
  3469 | Ossuary  | 3469 ||| Stepping ~*~*~tactically~*~*~ (outnumbered).
  3471 | Ossuary  | 3471 ||| Stepping ~*~*~tactically~*~*~ (outnumbered).
  3478 | Ossuary  | Reached skill level 10 in Unarmed Combat
  3635 | D:5      | 3635 ||| PLANNING D:1-11
  3665 | D:5      | 3665 ||| Stepping ~*~*~tactically~*~*~ (outnumbered).
  3666 | D:5      | 3666 ||| Stepping ~*~*~tactically~*~*~ (outnumbered).
  3667 | D:5      | 3667 ||| Stepping ~*~*~tactically~*~*~ (outnumbered).
  3668 | D:5      | 3668 ||| Stepping ~*~*~tactically~*~*~ (outnumbered).
  3670 | D:5      | 3670 ||| Stepping ~*~*~tactically~*~*~ (outnumbered).
  3671 | D:5      | 3671 ||| Stepping ~*~*~tactically~*~*~ (outnumbered).
  3672 | D:5      | 3672 ||| Stepping ~*~*~tactically~*~*~ (outnumbered).
  3673 | D:5      | 3673 ||| Stepping ~*~*~tactically~*~*~ (outnumbered).
  3674 | D:5      | 3674 ||| Stepping ~*~*~tactically~*~*~ (hiding).
  3675 | D:5      | 3675 ||| Stepping ~*~*~tactically~*~*~ (outnumbered).
  3676 | D:5      | 3676 ||| Stepping ~*~*~tactically~*~*~ (outnumbered).
  3678 | D:5      | 3678 ||| Stepping ~*~*~tactically~*~*~ (outnumbered).
  3681 | D:5      | 3681 ||| Stepping ~*~*~tactically~*~*~ (outnumbered).
  3759 | D:5      | Found Peafih's Elemental Accessories.
  3785 | D:5      | 3785 ||| Stepping ~*~*~tactically~*~*~ (stealth).
  3786 | D:5      | 3786 ||| Stepping ~*~*~tactically~*~*~ (stealth).
  3816 | D:5      | 3816 ||| Stepping ~*~*~tactically~*~*~ (hiding).
  4081 | D:5      | 4081 ||| READING 3 scrolls of teleportation.
  4141 | D:6      | 4141 ||| STAIRDANCE
  4188 | D:6      | 4188 ||| STAIRDANCE
  4190 | D:5      | 4190 ||| Stepping ~*~*~tactically~*~*~ (outnumbered).
  4191 | D:5      | 4191 ||| Stepping ~*~*~tactically~*~*~ (outnumbered).
  4243 | D:6      | 4243 ||| Stepping ~*~*~tactically~*~*~ (outnumbered).
  4249 | D:6      | 4249 ||| Stepping ~*~*~tactically~*~*~ (outnumbered).
  4250 | D:6      | 4250 ||| Stepping ~*~*~tactically~*~*~ (outnumbered).
  4251 | D:6      | 4251 ||| Stepping ~*~*~tactically~*~*~ (outnumbered).
  4252 | D:6      | 4252 ||| Stepping ~*~*~tactically~*~*~ (outnumbered).
  4253 | D:6      | 4253 ||| Stepping ~*~*~tactically~*~*~ (outnumbered).
  4254 | D:6      | 4254 ||| Stepping ~*~*~tactically~*~*~ (outnumbered).
  4315 | D:6      | Reached skill level 1 in Throwing
  4507 | D:6      | Reached XP level 9. HP: 81/92 MP: 9/9
  4537 | D:6      | 4537 ||| Stepping ~*~*~tactically~*~*~ (hiding).
  4552 | D:6      | 4552 ||| INVOKING Fiery Armour.
  4554 | D:6      | Reached skill level 3 in Throwing
  4654 | D:6      | Reached skill level 11 in Unarmed Combat
  4989 | D:6      | 4989 ||| DRINKING 2 dark potions.
  4990 | D:6      | 4990 ||| DRINKING 2 bubbling cyan potions.
  5094 | D:6      | 5094 ||| READING 2 scrolls of identify.
  5094 | D:6      | 5094 ||| IDENTIFYING murky emerald potion
  5095 | D:6      | 5095 ||| DROPPING potion of magic.
  5096 | D:6      | 5096 ||| DROPPING potion of berserk rage.
  5097 | D:6      | 5097 ||| DROPPING potion of degeneration.
  5488 | D:7      | Reached skill level 12 in Unarmed Combat
  5488 | D:7      | 5488 ||| Stepping ~*~*~tactically~*~*~ (stealth).
  5520 | D:7      | 5520 ||| Stepping ~*~*~tactically~*~*~ (hiding).
  5526 | D:7      | 5526 ||| DRINKING 3 potions of curing.
  5526 | D:7      | 5526 ||| (to cure confusion)
  5769 | D:7      | 5769 ||| FLEEEEING.
  5772 | D:7      | 5772 ||| Stepping ~*~*~tactically~*~*~ (hiding).
  5928 | D:7      | 5928 ||| READING scroll labelled AFURID TEMAWEC.
  5929 | D:7      | 5929 ||| DRINKING 2 fizzy clear potions.
  5930 | D:7      | 5930 ||| DRINKING 2 metallic golden potions.
  5931 | D:7      | 5931 ||| DRINKING 2 sedimented inky potions.
  5932 | D:7      | 5932 ||| READING 2 scrolls of identify.
  5932 | D:7      | 5932 ||| IDENTIFYING glowing clear potion
  5933 | D:7      | 5933 ||| DROPPING potion of brilliance.
  5934 | D:7      | 5934 ||| DROPPING potion of ambrosia.
  5995 | D:8      | Noticed Prince Ribbit
  5999 | D:8      | 5999 ||| DRINKING 2 potions of curing.
  5999 | D:8      | 5999 ||| (to cure confusion)
  6000 | D:8      | 6000 ||| FLEEEEING.
  6001 | D:8      | 6001 ||| INVOKING Fiery Armour.
  6004 | D:8      | 6004 ||| FLEEEEING.
  6012 | D:8      | 6012 ||| Stepping ~*~*~tactically~*~*~ (outnumbered).
  6025 | D:8      | Killed Prince Ribbit
  6026 | D:8      | Reached XP level 10. HP: 105/105 MP: 10/10
  6088 | D:8      | 6088 ||| Stepping ~*~*~tactically~*~*~ (hiding).
  6110 | D:8      | Noticed Gastronok
  6111 | D:8      | 6111 ||| Stepping ~*~*~tactically~*~*~ (hiding).
  6115 | D:8      | 6115 ||| Stepping ~*~*~tactically~*~*~ (hiding).
  6135 | D:8      | 6135 ||| INVOKING Fiery Armour.
  6136 | D:8      | HP: 24/105 [Gastronok (23)]
  6137 | D:8      | 6137 ||| READING 4 scrolls of teleportation.
  6138 | D:8      | 6138 ||| DRINKING 2 potions of heal wounds.
  6139 | D:8      | Killed Gastronok
  6140 | D:8      | Reached skill level 13 in Unarmed Combat
  6226 | D:8      | Found a sparkling altar of Nemelex Xobeh.
  6235 | D:8      | 6235 ||| Stepping ~*~*~tactically~*~*~ (stealth).
  6239 | D:8      | 6239 ||| Stepping ~*~*~tactically~*~*~ (stealth).
  6253 | D:8      | Reached skill level 14 in Unarmed Combat
  6449 | D:8      | Noticed Maurice
  6456 | D:8      | Killed Maurice
  6537 | D:8      | Found a glowing golden altar of the Shining One.
  6891 | D:8      | 6891 ||| UPGRADING to +2 hat of willpower.
  6896 | D:8      | 6896 ||| UPGRADING to +0 cloak.
  6901 | D:8      | 6901 ||| UPGRADING to +4 ring of slaying {mikee}.
  6902 | D:8      | 6902 ||| READING scroll labelled MOCWUA LATAOW.
  6946 | D:9      | 6946 ||| INVOKING Fiery Armour.
  6949 | D:9      | 6949 ||| Stepping ~*~*~tactically~*~*~ (outnumbered).
  6950 | D:9      | 6950 ||| Stepping ~*~*~tactically~*~*~ (outnumbered).
  6953 | D:9      | Reached skill level 1 in Armour
  7017 | D:9      | Reached skill level 6 in Fighting
  7028 | D:9      | Found a broken altar of Ashenzari.
  7153 | D:9      | Found a burning altar of Makhleb.
  7153 | D:9      | Noticed a green death
  7425 | D:9      | Found a staircase to the Lair.
  7458 | D:9      | Found a snail-covered altar of Cheibriados.
  7471 | D:9      | 7471 ||| Stepping ~*~*~tactically~*~*~ (stealth).
  7504 | D:9      | 7504 ||| Stepping ~*~*~tactically~*~*~ (stealth).
  7543 | D:9      | Found a hazy altar of Hepliaklqana.
  7601 | D:9      | 7601 ||| Stepping ~*~*~tactically~*~*~ (stealth).
  7604 | D:9      | 7604 ||| Stepping ~*~*~tactically~*~*~ (stealth).
  7651 | D:9      | 7651 ||| Stepping ~*~*~tactically~*~*~ (hiding).
  7957 | D:9      | 7957 ||| PLANNING LAIR
  7957 | D:9      | 7957 ||| UPGRADING to +1 robe of the Archmagi.
  7967 | D:9      | 7967 ||| DROPPING +0 robe.
  7968 | D:9      | 7968 ||| DROPPING amulet of the acrobat.
  7969 | D:9      | 7969 ||| READING 3 scrolls labelled VENUJO SOC.
  7970 | D:9      | 7970 ||| DROPPING 2 scrolls of vulnerability.
  8011 | Lair:1   | Entered Level 1 of the Lair of Beasts
  8023 | Lair:1   | Noticed an eight-headed hydra
  8024 | Lair:1   | 8024 ||| INVOKING Fiery Armour.
  8029 | Lair:1   | Killed a nine-headed hydra
  8030 | Lair:1   | Reached XP level 11. HP: 99/115 MP: 11/11
  8056 | Lair:1   | 8056 ||| Stepping ~*~*~tactically~*~*~ (hiding).
  8607 | Lair:1   | Reached skill level 15 in Unarmed Combat
  8736 | Lair:1   | 8736 ||| READING 3 scrolls labelled RUMICZACSA.
  8737 | Lair:1   | 8737 ||| READING scroll labelled NUHEYZEBRU.
  8764 | Lair:1   | 8764 ||| DROPPING 2 scrolls of poison.
  8820 | Lair:2   | Identified the +4 spear of Voirgh {freeze, *Rage rF+ rC+}
  8829 | Lair:2   | 8829 ||| DRINKING potion of cancellation.
  9137 | Lair:2   | Found a one-way gate to the infinite horrors of the Abyss.
  9171 | Lair:2   | 9171 ||| Stepping ~*~*~tactically~*~*~ (hiding).
  9197 | Lair:2   | Found a staircase to the Snake Pit.
  9224 | Lair:2   | 9224 ||| Stepping ~*~*~tactically~*~*~ (stealth).
  9249 | Lair:2   | 9249 ||| Stepping ~*~*~tactically~*~*~ (stealth).
  9250 | Lair:2   | 9250 ||| INVOKING Fiery Armour.
  9373 | Lair:2   | Found a corrupted altar of Lugonu.
  9374 | Lair:2   | 9374 ||| PLANNING TEMPLE
  9374 | Lair:2   | 9374 ||| READING 3 scrolls of identify.
  9374 | Lair:2   | 9374 ||| IDENTIFYING sapphire potion
  9375 | Lair:2   | 9375 ||| DROPPING potion of flight.
  9511 | D:7      | 9511 ||| Stepping ~*~*~tactically~*~*~ (stealth).
  9563 | Temple   | Entered the Ecumenical Temple
  9576 | Temple   | 9576 ||| PLANNING CONVERSION TO OKAWARU
  9579 | Temple   | Fell from the grace of Ignis
  9579 | Temple   | Became a worshipper of Warmaster Okawaru
  9580 | Temple   | 9580 ||| PLANNING LAIR
  9917 | Lair:3   | Reached skill level 16 in Unarmed Combat
  9948 | Lair:3   | Found a shimmering altar of Xom.
 10079 | Lair:3   | 10079 ||| Stepping ~*~*~tactically~*~*~ (stealth).
 10081 | Lair:3   | 10081 ||| Stepping ~*~*~tactically~*~*~ (hiding).
 10102 | Lair:3   | 10102 ||| Stepping ~*~*~tactically~*~*~ (hiding).
 10102 | Lair:3   | Found a staircase to the Swamp.
 10111 | Lair:3   | 10111 ||| Stepping ~*~*~tactically~*~*~ (outnumbered).
 10117 | Lair:3   | HP: 20/119 [tyrant leech (18)]
 10118 | Lair:3   | 10118 ||| READING 3 scrolls of teleportation.
 10119 | Lair:3   | 10119 ||| DRINKING 3 potions of heal wounds.
 10120 | Lair:3   | 10120 ||| DRINKING 2 potions of heal wounds.
 10120 | Lair:3   | Slain by a swamp worm

Levels and vault maps discovered:
D:1:      lemuel_arrival_lava_pool, layout_basic
D:2:      layout_basic, basic_altar, shapermc_ecumenical_altar_pompeii,
          nicolae_grassy_gnolls, uniq_crazy_yiuf_cottage
D:3:      minmay_spotlight, layout_loops_ring, grunt_temple_overflow_cloverleaf,
          hellmonk_ghost_happy_afterlife, corner_web_ring
D:4:      layout_loops_ring
D:5:      layout_cave_pools, minmay_temple_entry_ruins, enter_ossuary_4,
          moated_statue, nicolae_zen_rock_garden, nicolae_elemental_shop,
          kb_lookout_dungeons_type, minmay_guarded_unrand_staff_of_olgreb
D:6:      layout_loops_ring, grunt_decor_mini_mirrors, minmay_misc_feat_tower,
          minivault_24
D:7:      layout_loops_ring, minivault_10
D:8:      layout_cave_pods, tso_metal_star, mainiacjoe_overflow_surrounded_room,
          uniq_prince_ribbit1, uniq_maurice, uniq_gastronok
D:9:      layout_stronghold, mainiacjoe_overflow_concentric_impassable,
          nicolae_hepliaklqana_hippocampus, evilmike_ruin_ashenzari,
          makhleb_altar_promises_db
Temple:   bh_familiar_temple
Lair:1:   wander_river, layout_cave_shapes, chequers_serial_rivers_micro_c,
          columned_hall_lemuel, amcnicky_mini_pool_medium
Lair:2:   layout_gridlike, guppyfry_snake_entry_garden,
          amcnicky_altar_lugonu_corruption, grunt_megastairs_1
Lair:3:   layout_chaotic_city, minmay_swamp_entry_worms, basic_altar,
          hangedman_tree_tricks

Skill      XL: |  1  2  3  4  5  6  7  8  9 10 11 |
---------------+----------------------------------+-----
Unarmed Combat | 4 5 6 8 9 10 12 14 16 | 16.0
Fighting       | 3 4 5 6 7 |  7.0
Dodging        | 1 |  1.4
Throwing       | 2 5 |  5.4
Armour         | 1 |  1.3
Spellcasting   | |  1.0
Fire Magic     | |  2.1

Action                   |  1- 3 |  4- 6 |  7- 9 | 10-12 || total
-------------------------+-------+-------+-------+-------++-------
Melee: Unarmed           |    66 |   198 |   248 |   171 ||   683
       Punch             |     2 |     6 |    12 |    12 ||    32
Throw: Large rock        |       |       |    35 |    14 ||    49
       Boomerang         |       |       |       |    20 ||    20
Invok: Fiery Armour      |     2 |     2 |     5 |     4 ||    13
  Use: Scroll            |     4 |     4 |     4 |     7 ||    19
       Potion            |     1 |     6 |     7 |     4 ||    18
Armor: Robe              |    12 |    45 |   102 |    38 ||   197
Dodge: Dodged            |    25 |    47 |   134 |    54 ||   260

Table legend:
 A = Non-vault XP
 B = Vault XP
 C = Vault XP percentage of total XP
 D = Non-vault monster count
 E = Vault monster count
 F = Vault count percentage of total count
                 A         B        C        D         E       F
            +---------+---------+-------+---------+---------+-------
      Total |   14087 |    4938 |  26.0 |     232 |      39 |  14.4
            +---------+---------+-------+---------+---------+-------
        D:1 |      67 |      28 |  29.5 |      32 |       2 |   5.9
        D:2 |      48 |      14 |  22.6 |      10 |       1 |   9.1
        D:3 |     113 |      42 |  27.1 |      24 |       3 |  11.1
        D:4 |     405 |       0 |   0.0 |      25 |       0 |   0.0
        D:5 |    1115 |     112 |   9.1 |      33 |       3 |   8.3
        D:6 |     861 |       0 |   0.0 |      20 |       0 |   0.0
        D:7 |    1876 |       0 |   0.0 |      25 |       0 |   0.0
        D:8 |    1982 |    2216 |  52.8 |      14 |       3 |  17.6
        D:9 |    1691 |       0 |   0.0 |      24 |       0 |   0.0
     Lair:1 |    1827 |     621 |  25.4 |       8 |       2 |  20.0
     Lair:2 |    2643 |     834 |  24.0 |      11 |       6 |  35.3
     Lair:3 |    1459 |     593 |  28.9 |       6 |       3 |  33.3
    Ossuary |       0 |     478 | 100.0 |       0 |      16 | 100.0
            +---------+---------+-------+---------+---------+-------
